Map: Золотые столпы РВ

Players

IIIIIIIIIIII

  • Race: Terran Terran
  • League: Master
  • Spawn Location: 7:00

Hawk - Winner!

  • Race: Protoss Protoss
  • League: Grandmaster
  • Spawn Location: 1:00

VOD

Have the link to the VOD?

Description

Time

  • Played on: March 6, 2021, 5:18 a.m.
  • Length: 7:24
Show
View Real Time Build Order
Export as new Build Order

IIIIIIIIIIII Terran 

Build Orders: Reaper Expand 

Get SALT Encoding   

  12  0:00  SCV  
  13  0:12  SCV  
  14  0:17  Supply Depot  
  14  0:24  SCV  
  15  0:39  SCV  
  15  0:40  Barracks  
  16  0:44  Refinery  
  16  0:51  SCV  
  17  1:03  SCV  
  18  1:15  SCV  
  19  1:28  Orbital Command, Reaper  
  20  1:45  Command Center  
  20  1:53  Supply Depot  
  20  1:56  SCV  
  20  1:59  Marine  
  22  2:08  SCV  
  23  2:12  Factory  
  23  2:20  SCV  
  23  2:21  Barracks Reactor  
  24  2:23  Bunker  
  24  2:32  SCV  
  24  2:33  Refinery  
  25  2:44  SCV  
  26  2:56  SCV  
  28  2:59  Starport, Hellion  
  28  3:02  Orbital Command  
  29  3:06  Marine  
  29  3:08  Marine  
  29  3:09  SCV  
  32  3:22  SCV  
  34  3:27  Marine x2  
  34  3:29  SCV  
  35  3:34  Factory Tech Lab  
  35  3:35  SCV  
  35  3:40  Bunker  
  36  3:41  SCV  
  36  3:45  Marine  
  37  3:52  Viking  
  37  3:54  Cyclone  
  42  3:56  SCV x2  
  44  4:03  Marine x2  
  44  4:04  Supply Depot  
  46  4:13  SCV x2  
  46  4:17  Barracks  
  46  4:25  SCV  
  46  4:26  Cyclone  
  46  4:27  Supply Depot  
  46  4:28  Marine  
  46  4:30  Marine, SCV  
  53  4:37  SCV  
  54  4:39  Starport Tech Lab  
  54  4:41  Barracks  
  54  4:47  Supply Depot  
  54  4:48  Marine x2, SCV  
  54  4:50  SCV  
  58  4:57  Engineering Bay  
  58  4:58  Refinery  
  58  5:00  SCV  
  58  5:02  SCV  
  58  5:03  Marine  
  58  5:06  Marine x2  
  51  5:17  SCV  
  46  5:23  SCV  
  47  5:29  SCV  
  47  5:32  Factory Reactor  
  47  5:33  Starport Reactor  
  47  5:35  Stimpack, SCV  
  49  5:41  SCV  
  50  5:47  SCV  
  50  5:49  Marauder  
  53  5:53  Marauder  
  53  5:54  Marine, SCV  
  53  5:56  Marine  
  58  5:59  SCV  
  59  6:06  SCV  
  60  6:11  SCV  
  60  6:13  Medivac, Widow Mine  
  60  6:14  Marine x2  
  60  6:17  Barracks Tech Lab  
  69  6:18  SCV  
  69  6:21  Refinery  
  70  6:31  Supply Depot  
  70  6:32  Supply Depot  
  70  6:33  Supply Depot  
  70  6:34  Widow Mine  
  70  6:44  Marauder, SCV x2  
  70  6:45  Marauder  
  76  6:47  Marine x2  
  76  6:53  Medivac  
  80  6:57  Factory Reactor  
  82  7:01  SCV  
  82  7:02  SCV  
  82  7:04  Supply Depot  
Show
View Real Time Build Order
Export as new Build Order

Hawk Protoss - Winner!

Build Orders: 1 Gate Expand 

Get SALT Encoding   

  12  0:00  Probe  
  13  0:12  Probe  
  14  0:19  Pylon  
  14  0:24  Probe (Chrono Boost)  
  15  0:32  Assimilator  
  15  0:39  Probe (Chrono Boost)  
  16  0:45  Probe (Chrono Boost)  
  16  0:48  Gateway  
  17  0:53  Probe  
  18  1:05  Probe  
  19  1:17  Probe  
  20  1:25  Nexus  
  20  1:37  Cybernetics Core  
  21  1:40  Probe  
  21  1:47  Assimilator  
  21  1:52  Probe  
  22  1:58  Pylon  
  22  2:04  Probe  
  23  2:13  Adept (Chrono Boost)  
  23  2:18  Stargate  
  23  2:21  Probe  
  21  2:22  Warp Gate  
  26  2:33  Probe  
  26  2:34  Adept (Chrono Boost)  
  29  2:38  Probe  
  30  2:45  Probe  
  30  2:50  Probe  
  31  2:55  Adept  
  31  2:57  Void Ray (Chrono Boost), Probe  
  34  3:02  Probe  
  39  3:09  Probe  
  40  3:14  Pylon  
  40  3:24  Void Ray (Chrono Boost)  
  40  3:27  Probe  
  41  3:29  Assimilator  
  45  3:41  Probe x2  
  47  3:43  Pylon  
  47  3:51  Void Ray (Chrono Boost)  
  47  3:53  Probe  
  51  4:18  Void Ray (Chrono Boost)  
  51  4:20  Adept  
  51  4:21  Probe  
  51  4:22  Probe  
  59  4:26  Twilight Council  
  59  4:28  Pylon  
  59  4:31  Pylon  
  59  4:33  Probe  
  61  4:40  Adept  
  62  4:45  Void Ray (Chrono Boost)  
  62  4:46  Probe  
  62  4:49  Probe  
  68  4:53  Assimilator  
  68  4:58  Probe  
  67  5:13  Probe  
  66  5:17  Void Ray (Chrono Boost)  
  58  5:23  Probe  
  58  5:28  Probe  
  62  5:30  Adept  
  65  5:35  Probe  
  65  5:38  Dark Shrine  
  65  5:40  Probe, Gateway  
  65  5:41  Gateway  
  66  5:43  Gateway  
  66  5:45  Gateway  
  66  5:47  Probe  
  67  5:50  Gateway  
  65  6:12  Nexus  
  61  6:21  Probe x2  
  63  6:25  Pylon  
  63  6:30  Robotics Facility  
  63  6:33  Probe x2  
  65  6:44  Pylon  
  65  6:45  Probe x2  
  67  6:50  Dark Templar x2  
  67  6:51  Dark Templar x3  
  67  6:54  Pylon  
  77  6:57  Probe x2  
  79  7:09  Probe  
  79  7:10  Probe  
Tags
 
Add a new tag
Caveats
  • Supply blocks, unpowered buildings, or Contaminate may cause inaccurate times.
  • Supply counts are checked every 10 seconds.